Map: Tourmaline LE

Players

roy

  • Race: Terran Terran
  • League: Diamond
  • Spawn Location: 7:00

Gwuc - Winner!

  • Race: Zerg Zerg
  • League: Master
  • Spawn Location: 1:00

VOD

Have the link to the VOD?

Description

Time

  • Played on: May 18, 2026, 3:32 a.m.
  • Length: 21:19
Show
View Real Time Build Order
Export as new Build Order

roy Terran 

Build Orders: Reaper Expand 

Get SALT Encoding   

  12  0:00  SCV  
  13  0:12  SCV  
  14  0:18  Supply Depot  
  14  0:24  SCV  
  15  0:36  Refinery  
  15  0:40  Barracks  
  15  0:43  SCV  
  16  0:55  SCV  
  17  1:07  SCV  
  18  1:19  SCV  
  19  1:28  Reaper  
  19  1:32  Orbital Command  
  20  1:50  Command Center  
  20  1:58  Supply Depot  
  20  1:59  SCV  
  21  2:08  Barracks Reactor  
  21  2:11  SCV  
  22  2:26  SCV  
  22  2:29  Command Center  
  23  2:38  SCV  
  24  2:46  Marine x2  
  24  2:49  Bunker  
  24  2:50  SCV  
  27  3:00  Barracks x2  
  27  3:05  Orbital Command  
  27  3:12  Marine x2  
  29  3:15  SCV  
  30  3:34  Marine x2  
  31  3:43  Orbital Command  
  31  3:44  SCV x2  
  33  3:56  Barracks Tech Lab x2  
  33  3:57  Marine x2, Bunker  
  33  3:58  Bunker  
  33  4:00  SCV x2  
  37  4:09  SCV  
  38  4:12  SCV x2  
  40  4:23  SCV  
  41  4:30  Marine x3  
  44  4:31  Marine  
  45  4:41  Supply Depot, Combat Shield  
  45  4:42  Stimpack  
  45  4:43  Supply Depot  
  45  4:47  Refinery  
  45  4:50  Bunker  
  45  4:51  SCV x2  
  45  4:52  SCV  
  48  4:53  Factory  
  48  4:58  Marine x2, Marauder x2  
  54  5:05  Supply Depot  
  54  5:11  SCV x2  
  54  5:12  SCV, Supply Depot  
  57  5:14  Supply Depot  
  57  5:15  Refinery  
  57  5:26  Marine x2, Marauder x2  
  61  5:43  Marine  
  61  5:44  Marine  
  61  5:45  Factory Tech Lab  
  61  5:47  Marauder x2  
  58  6:07  Orbital Command  
  57  6:14  Marine x2, Marauder x2  
  57  6:15  Siege Tank  
  66  6:32  Marine  
  65  6:33  Marine  
  65  6:35  Marine  
  67  6:42  SCV x2  
  67  6:43  SCV  
  67  6:44  Starport  
  67  6:46  Engineering Bay x2  
  70  6:53  Marine  
  70  6:54  Marine x2, SCV  
  70  6:55  Marine  
  74  7:06  Siege Tank  
  77  7:10  Refinery  
  77  7:12  Supply Depot  
  77  7:14  Supply Depot  
  77  7:16  Terran Infantry Weapons Level 1  
  77  7:18  Terran Infantry Armor Level 1  
  77  7:21  Starport Reactor  
  77  7:34  SCV x3  
  80  7:48  Siege Tank  
  80  7:49  Marine x2, Marauder  
  86  8:03  Medivac  
  88  8:17  Marine x2, Marauder  
  88  8:18  Marauder  
  69  8:25  Supply Depot  
  62  8:28  Supply Depot  
  62  8:35  Marine  
  62  8:38  Barracks  
  63  8:42  Command Center  
  63  8:46  Barracks x2, Medivac  
  63  8:48  Factory  
  65  9:07  Marine x2, Marauder x2  
  71  9:15  Siege Tank  
  74  9:20  SCV  
  74  9:21  SCV x2  
  77  9:25  Refinery, Marine  
  77  9:28  Armory  
  78  9:32  Factory Tech Lab  
  78  9:33  SCV x3  
  78  9:34  Barracks Tech Lab x2, Barracks Reactor  
  81  9:41  Command Center  
  81  9:45  SCV x3  
  84  9:48  Armory  
  84  10:01  SCV x3, Orbital Command  
  84  10:04  Marauder x2, Orbital Command  
  91  10:10  Marauder x2  
  95  10:17  Siege Tank  
  98  10:22  Siege Tank  
  101  10:33  Marauder  
  101  10:34  Refinery, Marine  
  104  10:36  Refinery  
  104  10:42  Terran Vehicle Weapons Level 1, Terran Vehicle And Ship Armor Level 1  
  104  10:43  SCV  
  104  10:44  SCV  
  104  10:48  SCV x2  
  108  10:55  SCV  
  109  10:58  Starport, Siege Tank  
  112  11:18  Supply Depot  
  112  11:19  Siege Tank  
  112  11:20  Supply Depot, Marauder  
  112  11:21  Marauder  
  112  11:22  Marine x3, Marauder  
  112  11:23  Marauder, Marine  
  127  11:30  Orbital Command  
  127  11:33  Siege Tank  
  130  11:40  Marine x2  
  130  11:41  Starport Reactor  
  130  11:42  Liberator  
  130  11:43  Liberator  
  138  11:49  Supply Depot  
  138  11:51  SCV x4, Supply Depot  
  146  11:54  Marauder x4, Marine  
  151  12:08  Terran Infantry Weapons Level 2, Terran Infantry Armor Level 2  
  151  12:14  Siege Tank x2  
  157  12:18  Supply Depot  
  157  12:20  Supply Depot, SCV x2  
  157  12:21  SCV x2  
  161  12:25  Medivac  
  161  12:27  Medivac  
  165  12:44  Terran Vehicle Weapons Level 2  
  165  12:48  Terran Vehicle And Ship Armor Level 2  
  165  12:53  SCV  
  165  12:54  SCV x4  
  170  13:11  Supply Depot  
  170  13:12  Command Center, Supply Depot  
  170  13:17  Siege Tank  
  170  13:18  Siege Tank  
  176  13:24  Liberator x2  
  182  13:44  Supply Depot  
  182  13:45  Supply Depot  
  182  13:53  Supply Depot  
  174  14:03  Liberator x2  
  174  14:07  Marauder x4, Marine x4  
  191  14:14  Siege Tank  
  191  14:15  Siege Tank  
  197  14:24  Viking  
  197  14:25  Marine, Planetary Fortress  
  197  14:26  Orbital Command  
  169  14:51  Terran Infantry Weapons Level 3, Terran Infantry Armor Level 3, Fusion Core  
  169  15:05  Supply Depot x2, Marauder x3  
  169  15:06  Marauder  
  169  15:07  Viking  
  179  15:15  Concussive Shells  
  179  15:28  Supply Depot  
  179  15:30  Refinery  
  179  15:32  Refinery  
  179  15:34  Marauder x2  
  179  15:35  Marauder x2  
  187  15:39  Viking  
  187  15:40  Viking x3  
  195  15:43  Advanced Ballistics  
  195  15:49  Missile Turret  
  195  15:54  Missile Turret  
  195  16:06  Terran Vehicle Weapons Level 3  
  195  16:15  Viking x2  
  197  16:34  Liberator  
  200  17:22  Command Center  
  200  17:27  Command Center  
  200  17:29  Command Center  
  200  17:31  Command Center  
  161  17:54  Marauder x4, Marine x4  
  173  18:05  Supply Depot  
  173  18:07  Supply Depot  
  173  18:08  Supply Depot, Siege Tank  
  173  18:11  Viking  
  178  18:22  Marine x3, Viking x2, Marauder  
  178  18:23  Viking  
  178  18:24  Marauder, Siege Tank  
  137  18:36  Marauder x2  
  137  18:41  Viking, Widow Mine  
  135  18:43  Marauder  
  127  18:55  Marine  
  127  18:56  Marauder  
  127  18:58  Marauder x2  
  118  19:10  Viking  
  116  19:21  Orbital Command x2  
  116  19:36  Viking x2  
  95  19:56  Marine x2  
  95  19:57  Marine x6  
  95  19:59  Viking x2  
  101  20:06  Viking x2  
  97  20:13  Thor  
  98  20:14  Marine  
  98  20:18  Orbital Command  
  85  20:26  Marine x7  
  81  20:29  Viking  
  81  20:30  Orbital Command  
  81  20:32  Marine  
  78  20:45  Missile Turret  
  78  20:46  Missile Turret  
Show
View Real Time Build Order
Export as new Build Order

Gwuc Zerg - Winner!

Build Orders: Hatch First 

Get SALT Encoding   

  12  0:01  Drone  
  13  0:08  Drone  
  14  0:16  Overlord  
  14  0:35  Drone x3  
  17  0:52  Hatchery  
  17  0:55  Drone  
  17  1:08  Spawning Pool  
  17  1:11  Drone  
  17  1:14  Drone  
  18  1:18  Extractor  
  18  1:23  Drone  
  18  1:35  Drone  
  19  1:43  Drone  
  20  1:53  Overlord  
  20  1:55  Queen  
  22  2:04  Zergling x2, Queen  
  22  2:07  Overlord  
  25  2:15  Drone x2  
  27  2:36  Drone  
  28  2:37  Drone x3  
  31  2:47  Drone  
  31  2:48  Queen  
  31  2:49  Overlord  
  34  2:56  Drone  
  35  3:04  Drone  
  36  3:05  Drone x3  
  39  3:16  Drone x5  
  39  3:18  Lair  
  44  3:24  Roach Warren  
  43  3:27  Extractor  
  42  3:51  Drone x2  
  42  3:52  Overlord x4, Extractor  
  42  3:53  Overlord  
  43  4:15  Glial Reconstitution  
  45  4:17  Roach x8  
  45  4:19  Roach  
  61  4:36  Roach  
  61  4:37  Roach x3  
  69  4:42  Roach  
  71  4:52  Roach  
  75  4:53  Roach x2  
  75  4:54  Roach  
  79  5:09  Roach  
  79  5:10  Roach  
  79  5:11  Overlord x3  
  78  5:52  Roach  
  78  5:53  Roach x8  
  84  6:16  Metabolic Boost  
  84  6:20  Hatchery  
  84  6:21  Hydralisk Den, Drone  
  84  6:22  Drone x4  
  84  6:23  Queen  
  69  6:57  Grooved Spines  
  69  6:58  Hydralisk x9  
  69  6:59  Queen  
  89  7:03  Queen  
  89  7:08  Extractor  
  90  7:12  Evolution Chamber  
  90  7:13  Drone  
  90  7:17  Evolution Chamber  
  89  7:28  Zergling x2  
  89  7:29  Zergling x16  
  98  7:34  Baneling Nest  
  97  7:42  Zergling x4  
  98  7:57  Hydralisk x5  
  98  7:58  Hydralisk  
  107  8:00  Lurker Den, Zergling x2  
  107  8:05  Zergling x6  
  111  8:19  Hydralisk x2  
  95  8:20  Zergling x2  
  96  8:30  Drone x5  
  101  8:46  Hydralisk x2  
  101  8:47  Roach, Zergling x2  
  108  8:49  Muscular Augments  
  108  8:51  Centrifugal Hooks  
  108  8:54  Drone x5  
  113  9:03  Overseer  
  113  9:09  Overlord x3  
  113  9:21  Hatchery  
  112  9:39  Zerg Melee Weapons Level 1  
  112  9:40  Zerg Ground Armor Level 1  
  112  9:46  Infestation Pit  
  112  9:47  Drone x2  
  112  9:48  Drone x8  
  121  9:59  Lurker  
  122  10:01  Zergling x14  
  122  10:05  Extractor  
  128  10:07  Extractor  
  127  10:18  Queen  
  129  10:23  Overlord x4  
  129  10:26  Hive  
  129  10:44  Drone x4  
  129  10:46  Drone  
  129  10:47  Drone x9  
  143  10:50  Extractor x2  
  143  10:54  Queen  
  143  11:18  Hatchery  
  143  11:25  Hydralisk x2  
  142  11:26  Zergling x2  
  142  11:27  Hydralisk x2  
  142  11:28  Zergling x6, Hydralisk x3  
  142  11:29  Zergling x6, Hydralisk  
  165  11:34  Zerg Missile Weapons Level 1  
  165  11:36  Zerg Ground Armor Level 2  
  165  12:02  Ultralisk Cavern  
  165  12:03  Zergling x2  
  165  12:04  Zergling x4, Overlord  
  165  12:05  Overlord x7  
  166  12:46  Adrenal Glands  
  166  12:49  Chitinous Plating  
  166  12:52  Ultralisk x4  
  190  13:20  Ultralisk  
  190  13:23  Zergling x4  
  190  13:25  Baneling  
  190  13:26  Baneling x20  
  190  13:27  Baneling x11  
  198  13:33  Drone  
  199  13:40  Zerg Melee Weapons Level 2  
  199  13:47  Extractor  
  198  13:52  Extractor  
  181  14:00  Hydralisk  
  181  14:01  Hydralisk x3, Roach x2  
  181  14:02  Roach, Zergling x6  
  187  14:03  Ultralisk  
  187  14:08  Anabolic Synthesis  
  193  14:13  Spire  
  163  14:40  Hydralisk  
  163  14:42  Ultralisk x3  
  183  15:02  Zergling x2  
  183  15:03  Zergling x32  
  200  15:09  Zerg Ground Armor Level 3  
  200  15:15  Hatchery  
  199  15:25  Overseer x3  
  199  15:53  Hatchery  
  198  15:58  Zerg Flyer Weapons Level 1  
  197  16:31  Corruptor  
  199  16:38  Baneling x2  
  199  16:39  Baneling x29  
  199  16:40  Baneling  
  199  17:13  Drone  
  188  18:00  Zerg Missile Weapons Level 2, Zerg Melee Weapons Level 3, Zerg Flyer Weapons Level 2  
  188  18:03  Corruptor x6  
  193  18:23  Hydralisk  
  193  18:24  Hydralisk x12, Corruptor x2  
  193  18:25  Corruptor x4, Hydralisk x2  
  193  18:26  Hydralisk x3, Corruptor x3  
  193  18:27  Hydralisk  
  154  18:51  Hydralisk  
  154  18:52  Hydralisk x2, Zergling x4  
  154  18:53  Zergling x2  
  155  18:59  Hydralisk  
  155  19:01  Mutalisk  
  155  19:02  Mutalisk x4  
  167  19:03  Mutalisk  
  139  19:50  Ultralisk x3  
  139  19:51  Ultralisk  
  139  19:52  Zergling x2  
  160  19:53  Zergling x8  
  138  20:13  Hydralisk x3, Zergling x2  
  138  20:14  Zergling x6, Hydralisk x2  
  139  20:32  Hydralisk  
  139  20:33  Hydralisk x4  
  131  21:01  Zergling x6  
  131  21:02  Zergling x4  
Tags
 
Add a new tag
Caveats
  • Supply blocks, unpowered buildings, or Contaminate may cause inaccurate times.
  • Supply counts are checked every 10 seconds.